 Dungeon Crawl Stone Soup version 0.26-a0-712-ga5a9c9c9d0 (webtiles) character file.

Game seed: 5582459707975413928

5832 kae the Grappler (level 10, -15/80 (83) HPs)
             Began as a Troll Transmuter on Nov 11, 2020.
             Was a Priest of Ru.
             Demolished by a white ugly thing (23 damage)
             ... on level 10 of the Dungeon.
             The game lasted 00:06:38 (7705 turns).

kae the Grappler (Troll Transmuter)                 Turns: 7705, Time: 00:06:39

HP:   -15/80 (83)   AC:  8    Str: 23    XL:     10   Next: 51%
MP:   12/12         EV: 11    Int:  9    God:    Ru [***...]
Gold: 439           SH:  5    Dex: 10    Spells: 9/13 levels left

rFire    . . .     SeeInvis .     - Unarmed
rCold    . . .     Faith    .   (no shield)
rNeg     . . .     Spirit   .   a - +1 robe
rPois    .         Reflect  +   (helmet restricted)
rElec    .         Harm     .   q - +0 cloak
rCorr    +         Rampage  .   (gloves unavailable)
MR       .....                  (boots unavailable)
Stlth    ..........             b - amulet of reflection
HPRegen  0.63/turn              (no ring)
MPRegen  0.13/turn              t - ring of resist corrosion

@: no status effects
A: large, unfitting armour, claws 3, regeneration 1, shaggy fur 1, tough skin 3,
no stealth, inability to use devices
a: Draw Out Power, Renounce Religion


You were on level 10 of the Dungeon.
You worshipped Ru.
Ru was most pleased with you.
You visited 1 branch of the dungeon, and saw 10 of its levels.

You collected 439 gold pieces.

Inventory:

Armour
 a - a +1 robe (worn)
 q - a +0 cloak (worn)
Jewellery
 b - an amulet of reflection (around neck)
 t - a ring of resist corrosion (right claw)
 w - a +6 ring of intelligence {unknown}
Scrolls
 d - 2 scrolls of enchant weapon
 f - a scroll of teleportation
 i - 8 scrolls of remove curse
 j - 5 scrolls of enchant armour
 k - 4 scrolls of amnesia
 l - a scroll of vulnerability {unknown}
 m - a scroll of blinking
 r - 4 scrolls of identify
 u - 3 scrolls of fear
 v - 2 scrolls of fog
Potions
 c - a potion of mutation
 e - 3 potions of berserk rage
 g - a potion of brilliance
 h - a potion of might {unknown}
 n - a potion of flight
 o - a potion of degeneration {unknown}
 p - 5 potions of curing
 s - a potion of invisibility {unknown}
 z - a potion of magic {unknown}
 C - a potion of heal wounds {unknown}
Books
 x - a manual of Stealth


   Skills:
 - Level 0.7 Fighting
 * Level 5.1 Dodging
 * Level 12.0 Unarmed Combat
 - Level 2.0 Spellcasting
 + Level 6.5 Transmutations


You had 9 spell levels left.
You knew the following spells:

 Your Spells              Type           Power        Failure   Level
a - Beastly Appendage     Tmut           ##....       2%          1
b - Spider Form           Tmut/Pois      #.........   26%         3

Your spell library contained the following spells:

 Spells                   Type           Power        Failure   Level
 Wereblood                Tmut           ##......     3%          2
 Foxfire                  Conj/Fire      #...         32%         1
 Freeze                   Ice            #...         32%         1
 Blade Hands              Tmut           ##........   54%         5
 Ice Form                 Ice/Tmut       #.......     65%         4
 Petrify                  Tmut/Erth      #.......     65%         4
 Confusing Touch          Hex            #.......     69%         3
 Conjure Flame            Conj/Fire      #.......     69%         3
 Frozen Ramparts          Ice            #.....       69%         3
 Gell's Gravitas          Tloc           #.........   69%         3
 Inner Flame              Hex/Fire       #.......     69%         3
 Ozocubu's Armour         Ice            #.......     69%         3
 Yara's Violent Unravell  Hex/Tmut       #.........   94%         5
 Cause Fear               Hex            #.........   97%         4
 Hailstorm                Conj/Ice       #.......     97%         4
 Sticky Flame             Conj/Fire      #.......     97%         4
 Summon Ice Beast         Ice/Summ       #.......     97%         4
 Fireball                 Conj/Fire      #.........   100%        5
 Metabolic Englaciation   Hex/Ice        #.........   100%        5
 Silence                  Hex/Air        #.........   100%        5
 Discord                  Hex            #.........   100%        8


Dungeon Overview and Level Annotations

Branches:
Dungeon (10/15)            Temple (0/1) D:7            Lair (0/6) D:8
    Orc: D:9-12

Altars:
Dithmenos
Fedhas
Gozag
Hepliaklqana
Kikubaaqudgha
Makhleb
Okawaru
Qazlal
Ru
Sif Muna
Yredelemnul
Zin
The Shining One

Shops:
D:6 *

Annotations:
D:6 exclusion: 2 doors


Innate Abilities, Weirdness & Mutations

You are too large for most types of armour.
You have claws for hands.
Your natural rate of healing is unusually fast.
You are covered in fur. (AC +1)
You have extremely tough skin. (AC +3)
You cannot be stealthy.
You cannot study or use magical devices.


Message History

You claw the white ugly thing!
The white ugly thing is heavily wounded.
You redirect the white ugly thing's attack!
The white ugly thing closely misses something.
You mangle the white ugly thing!!
The white ugly thing is almost dead.
The white ugly thing closely misses you.
You scratch the white ugly thing but do no damage.
The white ugly thing is almost dead.
The white ugly thing punches you. The white ugly thing freezes you!!
* * * LOW HITPOINT WARNING * * *
You scratch the white ugly thing but do no damage.
The white ugly thing is almost dead.
The white ugly thing is no longer blind.
You scratch the white ugly thing.
The white ugly thing is almost dead.
The white ugly thing punches you.
* * * LOW HITPOINT WARNING * * *
The white ugly thing freezes you!!
You die...

............###..##.....##....###
........###.......#.....#...#....
......#####.......##...##........
.......(.#.....#...#...# .#..##
........[......# ..##.## ## #
.....###.......# ...#<# #
........#......##...### .
.................uZ..# .
........##.#....@#. . .......#
####....# ....... #..### ......
#.... ...... ........ ...
..(..####.. .....## . .....#
#....


You could see a white ugly thing and a worker ant zombie.

Vanquished Creatures
  Pikel (D:8)
  A gargoyle (D:10)
  A komodo dragon (D:8)
  A yaktaur (D:10)
  Sigmund (D:6)
  4 yaks (D:9)
  A vampire mosquito (D:10)
  3 black bears
  An orc warrior (D:8)
  An ice beast (D:9)
  A phantom (D:4)
  2 necrophages
  2 ogres (D:8)
  6 centaurs
  A lemure (D:8)
  A wyvern zombie (D:7)
  5 bullfrogs
  A wyvern skeleton (D:8)
  A water moccasin skeleton (D:4)
  3 scorpions
  5 wights (D:8)
  2 howler monkeys (D:7)
  3 bullfrog zombies
  A jelly (D:5)
  A centaur zombie (D:8)
  A hound (D:7)
  An orc priest (D:9)
  Crazy Yiuf (D:2)
  2 centaur skeletons
  Jessica (D:3)
  Natasha (D:3)
  2 iguanas (D:9)
  2 orc wizards (D:9)
  2 worker ants
  A hound zombie (D:6)
  A hound skeleton (D:7)
  Robin (D:3)
  12 gnolls
  A howler monkey skeleton (D:7)
  A worker ant zombie (D:6)
  11 adders
  2 shadow imps
  5 white imps
  2 ufetubi
  3 oozes
  2 adder zombies (D:9)
  A dart slug (D:2)
  3 worms (D:2)
  7 leopard geckos
  11 orcs
  5 giant cockroaches
  17 goblins
  5 hobgoblins
  8 jackals
  7 quokkas
  3 ball pythons
  7 bats
  3 frilled lizards
  2 jackal zombies
  6 kobolds
  A leopard gecko skeleton (D:7)
  A quokka skeleton (D:7)
  6 rats
198 creatures vanquished.

Vanquished Creatures (others)
  A tengu warrior (D:10)
  3 plants
4 creatures vanquished.

Grand Total: 202 creatures vanquished

Notes
Turn   | Place    | Note
-------+----------+-------------------------------------------
     0 | D:1      | kae the Troll Transmuter began the quest for the Orb.
     0 | D:1      | Reached XP level 1. HP: 18/18 MP: 1/1
    83 | D:1      | Reached XP level 2. HP: 25/26 MP: 3/3
   194 | D:1      | You fall into a shaft and drop 1 floor!
   286 | D:2      | Reached XP level 3. HP: 29/32 MP: 4/4
   608 | D:2      | Reached skill level 4 in Unarmed Combat
   641 | D:2      | Found a runed translucent door.
   642 | D:2      | Noticed Crazy Yiuf
  1094 | D:1      | Reached XP level 4. HP: 40/40 MP: 5/5
  1567 | D:2      | Killed Crazy Yiuf
  1619 | D:3      | Found a hazy altar of Hepliaklqana.
  1800 | D:3      | Found a shadowy altar of Dithmenos.
  2022 | D:3      | Reached XP level 5. HP: 46/46 MP: 4/6
  2053 | D:3      | Noticed Robin
  2057 | D:3      | Noticed Jessica
  2075 | D:3      | Killed Robin
  2094 | D:3      | Reached skill level 5 in Unarmed Combat
  2096 | D:3      | Killed Jessica
  2184 | D:3      | Noticed Natasha
  2192 | D:3      | Killed Natasha
  2553 | D:4      | Found a sacrificial altar of Ru.
  2699 | D:4      | Noticed a centaur
  2700 | D:4      | Noticed a centaur
  2707 | D:4      | Killed a centaur
  2707 | D:4      | Reached XP level 6. HP: 33/54 MP: 6/8
  2712 | D:4      | Reached skill level 6 in Unarmed Combat
  2817 | D:4      | Reached XP level 7. HP: 58/61 MP: 9/9
  2845 | D:4      | Became a worshipper of Ru the Awakened
  3266 | D:5      | Entered Level 5 of the Dungeon
  3342 | D:5      | Found a burning altar of Makhleb.
  3347 | D:5      | Noticed a balrug
  3349 | D:5      | Found a glowing silver altar of Zin.
  3350 | D:5      | Noticed an angel
  3459 | D:5      | Reached skill level 7 in Unarmed Combat
  3759 | D:5      | Found a stormy altar of Qazlal.
  4025 | D:6      | Found an opulent altar of Gozag.
  4223 | D:6      | Found a glowing golden altar of the Shining One.
  4229 | D:6      | Noticed Sigmund
  4239 | D:6      | Killed Sigmund
  4239 | D:6      | Reached skill level 8 in Unarmed Combat
  4239 | D:6      | Reached XP level 8. HP: 60/68 MP: 8/10
  4346 | D:6      | Found a basalt altar of Yredelemnul.
  4415 | D:6      | Found Pekhiag's Serpentskin Sales.
  4682 | D:6      | Noticed an angel
  4701 | D:7      | Found a staircase to the Ecumenical Temple.
  4714 | D:7      | Reached skill level 9 in Unarmed Combat
  4748 | D:7      | Gained mutation: You cannot study or use magical devices.
                  | [Ru sacrifice]
  4748 | D:7      | Reached * piety under Ru
  4748 | D:7      | Reached ** piety under Ru
  5153 | D:7      | Found an ancient bone altar of Kikubaaqudgha.
  5163 | D:7      | Learned a level 3 spell: Spider Form
  5165 | D:7      | Found a blossoming altar of Fedhas.
  5226 | D:7      | Reached skill level 5 in Transmutations
  5567 | D:8      | Found an iron altar of Okawaru.
  5609 | D:8      | Reached XP level 9. HP: 57/73 MP: 11/11
  5703 | D:8      | Reached skill level 10 in Unarmed Combat
  5844 | D:8      | Found a staircase to the Lair.
  5845 | D:8      | Noticed a komodo dragon
  5866 | D:8      | Killed a komodo dragon
  6304 | D:8      | Noticed Pikel
  6322 | D:8      | Killed Pikel
  6322 | D:8      | Reached skill level 11 in Unarmed Combat
  6721 | D:9      | Reached XP level 10. HP: 60/80 MP: 12/12
  7003 | D:9      | Gained mutation: You cannot be stealthy. [Ru sacrifice]
  7003 | D:9      | Reached *** piety under Ru
  7040 | D:9      | Found a shimmering blue altar of Sif Muna.
  7310 | D:10     | Entered Level 10 of the Dungeon
  7311 | D:10     | Noticed a gargoyle
  7326 | D:10     | Killed a gargoyle
  7500 | D:10     | Noticed a tengu warrior
  7505 | D:10     | Killed a tengu warrior
  7505 | D:10     | Reached skill level 5 in Dodging
  7505 | D:10     | Reached skill level 12 in Unarmed Combat
  7686 | D:10     | Noticed a white ugly thing
  7705 | D:10     | Demolished by a white ugly thing

Illustrated notes

Levels and vault maps discovered:
D:1:      lightli_arrival_windingriver, layout_loops_corners,
          serial_bayou_pond_e, minmay_misc_feat_diagonals,
          minmay_strange_pillars, minmay_misc_feat_doors, due_unseen_surprise
D:2:      layout_loops_ring, uniq_crazy_yiuf_cottage
D:3:      layout_basic, grunt_dithmenos_smoke_and_mirrors,
          nicolae_overflow_hidden_temple, serial_glass, glass_columns_b,
          glass_columns_c, minmay_strange_pillars, uniq_natasha, uniq_jessica,
          uniq_robin
D:4:      layout_loops_cross, nicolae_ru_awakened_eye, minivault_4,
          minmay_manual_mares
D:5:      layout_basic, grunt_temple_overflow_order_and_chaos_2,
          nicolae_qazlal_general_emergency
D:6:      layout_basic, grunt_temple_overflow_holy_war, kennysheep_mini,
          minmay_misc_feat_columns, guppyfry_shop_venom, uniq_sigmund
D:7:      layout_basic, grunt_temple_overflow_growth_and_decay,
          minmay_temple_entry_glass
D:8:      layout_loops_ring, old_standard_altar, david_lair_shrubbed, uniq_pikel
D:9:      layout_rooms, lemuel_blue_sif_altar, serial_rivers,
          chequers_serial_rivers_micro_d, chequers_serial_rivers_marsh,
          chequers_serial_rivers_large_a, chequers_serial_rivers_marsh,
          chequers_serial_rivers_small_b, chequers_serial_rivers_marsh
D:10:     minmay_diamond_stairs, layout_cave_pools

Skill      XL: |  1  2  3  4  5  6  7  8  9 10 |
---------------+-------------------------------+-----
Unarmed Combat | 4 5 6 8 9 11 12 | 12.0
Transmutations | 2 3 4 5 6 |  6.5
Spellcasting   | 2 |  2.0
Dodging        | 3 5 |  5.1
Fighting       | |  0.7

Action                   |  1- 3 |  4- 6 |  7- 9 | 10-12 || total
-------------------------+-------+-------+-------+-------++-------
Melee: Unarmed           |   102 |   106 |   299 |    85 ||   592
       Punch             |     2 |     1 |    12 |     4 ||    19
       Kick              |       |    12 |    33 |     5 ||    50
       Headbutt          |       |     7 |    21 |     3 ||    31
 Cast: Beastly Appendage |       |    15 |    22 |     4 ||    41
Invok: Sacrifice Artific |       |       |     1 |       ||     1
       Sacrifice Stealth |       |       |       |     1 ||     1
  Use: Scroll            |       |       |    13 |       ||    13
       Potion            |       |       |     2 |       ||     2
 Stab: Invisible         |       |       |     2 |     2 ||     4
       Sleeping          |       |       |     1 |       ||     1
Armor: Robe              |    44 |    41 |    84 |    11 ||   180
       Skin              |       |       |     4 |       ||     4
Dodge: Dodged            |    54 |    65 |   110 |    34 ||   263
Block: Other             |       |       |    35 |    16 ||    51

Table legend: (Time is in decaauts)
 A = Elapsed time spent in this place.
 B = Non-inter-level travel time spent in this place.
 C = Inter-level travel time spent in this place.
 D = Time resting spent in this place.
 E = Time spent auto-exploring this place.
 F = Levels seen in this place.
 G = Mean time per level.
                   A        B        C        D        E       F      G
               +--------+--------+--------+--------+--------+-----+--------+
         Total |   7648 |   7247 |    401 |    150 |   5883 |  10 |  764.8 |
       Dungeon |   7648 |   7247 |    401 |    150 |   5883 |  10 |  764.8 |
               +--------+--------+--------+--------+--------+-----+--------+

Top non-repeatable levels by time:
     D:8: 954 daAuts
     D:3: 918 daAuts
     D:9: 863 daAuts
     D:7: 851 daAuts
     D:1: 847 daAuts
     D:2: 766 daAuts
     D:6: 741 daAuts
     D:4: 722 daAuts
     D:5: 680 daAuts
    D:10: 303 daAuts
